 Dungeon Crawl Stone Soup version 0.30-a0-576-g89cddaab80 (webtiles) character file.

Game seed: 700535809668300152

43 billz999 the Sneak (level 3, 0/25 HPs)
             Began as a Djinni Earth Elementalist on Dec 30, 2022.
             Slain by a jackal (2 damage)
             ... on level 2 of the Dungeon.
             The game lasted 00:02:39 (813 turns).

billz999 the Sneak (Djinni Earth Elementalist)       Turns: 813, Time: 00:02:40

Health: 0/25       AC:  2    Str:  6 (7)  XL:     3   Next: 82%
Gold:   76         EV: 12    Int: 15 (18) God:
                   SH:  0    Dex: 10 (13)

rFire   + + .      SeeInvis .    f - +0 dagger
rCold   x . .      Faith    .    (no shield)
rNeg    . . .      Spirit   .    a - +0 robe
rPois   ∞          Reflect  .    (no helmet)
rElec   .          Harm     .    (no cloak)
rCorr   .          Rampage  .    (no gloves)
Will    .....                    (boots unavailable)
Stlth   ++                       (no amulet)
HPRegen 0.24/turn                (no ring)
MPRegen 0.00/turn                (no ring)

@: flying, hasted, very quick
A: sickness immunity, fire resistance 2, cold vulnerability 1, float, innate
caster, HP casting, extra vitality 1
a: no special abilities


You were on level 2 of the Dungeon.
You visited 1 branch of the dungeon, and saw 2 of its levels.

You collected 76 gold pieces.

Inventory:

Hand Weapons
 f - a +0 dagger (weapon)
Armour
 a - a +0 robe (worn)
Scrolls
 i - a scroll of identify
Potions
 b - a potion of magic
 c - a potion of resistance
 d - 2 potions of attraction


   Skills:
 - Level 2.1 Dodging
 * Level 2.9 Stealth
 + Level 2.8 Spellcasting


You couldn't memorise any spells.
You knew the following spells:

 Your Spells              Type           Power      Damage    Failure   Level
a - Sandblast             Erth           20%        2d7       6%          1
b - Passwall              Tmut/Erth      8%         N/A       10%         2
c - Stone Arrow           Conj/Erth      20%        3d8       19%         3
d - Petrify               Tmut/Erth      10%        N/A       54%         4
e - Slow                  Hex            40%        N/A       6%          1
Your spell library was empty.

Dungeon Overview and Level Annotations

Branches:
Dungeon (2/15)

Altars:


Innate Abilities, Weirdness & Mutations

You are immune to sickness and miasma.
You are immune to poison.
Your flesh is very heat resistant. (rF++)
You are vulnerable to cold. (rC-)
You float through the air rather than walking.
You learn spells naturally, not from books.
Your magical power is your life essence.
You have superior vitality. (+4 MHP)


Message History

You barely miss the jackal.
The jackal is lightly wounded.
The jackal closely misses you. x2
You hit the jackal.
The jackal is heavily wounded.
The jackal bites you.
* * * LOW HITPOINT WARNING * * *
A jackal comes into view.
The jackal bites you but does no damage.
You closely miss the jackal.
The jackal is heavily wounded.
The jackal barks!
The jackal closely misses you. x2
You hit the jackal.
The jackal is severely wounded.
The jackal closely misses you. The jackal barely misses you.
You hit the jackal.
The jackal is almost dead.
The jackal barely misses you. x2
You barely miss the jackal.
The jackal is almost dead.
The jackal closely misses you. The jackal misses you.
You hit the jackal.
You kill the jackal!
The jackal misses you.
You hit the jackal but do no damage.
The jackal bites you but does no damage.
You hit the jackal.
The jackal is lightly wounded.
The jackal bites you but does no damage.
You hit the jackal.
The jackal is almost dead.
The jackal bites you.
* * * LOW HITPOINT WARNING * * *
The jackal bites you.
* * * LOW HITPOINT WARNING * * *
You hit the jackal but do no damage.
The jackal is almost dead.
The jackal bites you.
You die...

#...##.###.#...## ##...
#..........# ...
#.........##. # #.#
#......†.....
..#.###.####.#.#.#...##.
................<)......
.......h.........#...##.
.#.#.###h#.##.#.#.#......
.... #@#......#.# ...#.
.....###h#.##.###.. .....
.......hgh.##...... ....
##.....(........^.. ....
#...........h......
#.....#........
#...###...##..# #...
#...# ..# #.. #.... ..


You could see 5 jackals and a hobgoblin.

Vanquished Creatures
  An adder (D:2)
  3 dart slugs (D:1)
  A bat (D:1)
  4 endoplasms (D:1)
  A giant cockroach (D:1)
  A goblin (D:1)
  A hobgoblin (D:2)
  A jackal (D:2)
  4 kobolds
  2 quokkas (D:1)
  4 ball pythons (D:1)
  2 frilled lizards (D:1)
  2 rats (D:1)
27 creatures vanquished.

Notes
Turn   | Place    | Note
-------+----------+-------------------------------------------
     0 | D:1      | billz999 the Djinni Earth Elementalist began the quest for
                  | the Orb.
     0 | D:1      | billz999 set off with the following spells memorised:
                  | Sandblast, Passwall, Stone Arrow, Petrify.
     0 | D:1      | Reached XP level 1. HP: 15/15 MP: 0/0
   157 | D:1      | Reached XP level 2. HP: 10/21 MP: 0/0
   478 | D:1      | Reached XP level 3. HP: 24/25 MP: 0/0
   478 | D:1      | Learned a level 1 spell: Slow
   812 | D:2      | HP: 1/25 [jackal (3)]
   813 | D:2      | Slain by a jackal

Illustrated notes

Levels and vault maps discovered:
D:1:      dpeg_arrival_simpleton_b, layout_basic
D:2:      layout_basic, serial_curves, eino_curves_03, eino_curves_04,
          ebering_ecumenical_altar_abandoned

Skill      XL: |  1 |
---------------+----+-----
Stealth        | 2 |  2.9
Dodging        | |  2.1
Spellcasting   | |  2.8

Action                   || total
-------------------------++-------
Melee: Dagger            ||    14
 Cast: Sandblast         ||    47
  Use: Potion            ||     3
       Scroll            ||     2
Armor: Robe              ||     6
Dodge: Dodged            ||    40

Table legend: (Time is in decaauts)
 A = Elapsed time spent in this place.
 B = Non-inter-level travel time spent in this place.
 C = Inter-level travel time spent in this place.
 D = Time resting spent in this place.
 E = Time spent auto-exploring this place.
 F = Levels seen in this place.
 G = Mean time per level.
                   A        B        C        D        E       F      G
               +--------+--------+--------+--------+--------+-----+--------+
         Total |    831 |    778 |     53 |     12 |    613 |   2 |  415.5 |
       Dungeon |    831 |    778 |     53 |     12 |    613 |   2 |  415.5 |
               +--------+--------+--------+--------+--------+-----+--------+

Top non-repeatable levels by time:
     D:1: 772 daAuts
     D:2: 59 daAuts
